Moose vs Wolfpack

Created - December 28, 2022 at 22:03

Goals
1 2 3 T
Moose 0 3 1 4
Wolfpack 3 2 1 6
Shots
1 2 3 T
Moose 10 13 8 31
Wolfpack 16 19 6 41

1st period

1. Wolfpack , David Pope 14 (Seth Griffith 19, Sebastian Collberg 17) at 5:55
2. Wolfpack , Sebastian Collberg 14 (Seth Griffith 20, David Pope 24) at 11:15
3. Wolfpack , Seth Griffith 18 (Derrick Pouliot 12) at 18:59

Penalties :
Mathieu Joseph (Man) for Slashing (Minor) at 8:21, C.J. Smith (Man) for Holding (Minor) at 13:03

2nd period

4. Moose , Michael McLeod 9 (Nathan Walker 11, Erik Cernak 5) at 2:50
5. Wolfpack , Connor Chatam 7 (Dryden Hunt 13, Samuel Blais 11) at 7:49
6. Wolfpack , David Pope 15 (Sebastian Collberg 18, Seth Griffith 21) at 9:26 (PP)
7. Moose , Michael McLeod 10 (Nathan Walker 12) at 13:16
8. Moose , Dylan Strome 8 (Lane MacDermid 3, Mirco Mueller 7) at 18:05

Penalties :
Mathieu Joseph (Man) for Hooking (Minor) at 7:52, Chase De Leo (Man) for Unsportsmanlike conduct (Minor) at 10:06

3rd period

9. Wolfpack , Casey Mittelstadt 6 (Samuel Blais 12, Colton White 3) at 3:14
10. Moose , Nick Merkley 4 (Juuso Valimaki 4, Jake Leschyshyn 3) at 4:13

Penalties :
Juuso Valimaki (Man) for Holding (Minor) at 12:02, Linus Sandin (Har) for Delaying the game (Minor) at 14:22

Goalie Stats

Brandon Halverson (Man), 17 saves from 22 shots - (0.773), L, 7-7-0, 29:26 minutes
Filip Gustavsson (Man), 18 saves from 19 shots - (0.947), 30:34 minutes
Ivan Fedotov (Har), 27 saves from 31 shots - (0.871), W, 9-1-6, 60:00 minutes

Players Stats for Moose

Player Name              G  A  P  +/- PIM S  H  SB GA TA FO     MP     PP MP  PK MP  
------------------------------------------------------------------------------------
Boris Katchouk           0  0  0  -1  0   1  0  0  0  0  0/2    10:26   0:00   0:00 
C.J. Smith               0  0  0   0  2   0  1  1  0  0  0/0     9:48   0:32   0:00 
Chase De Leo             0  0  0   0  2   0  1  0  0  0  1/6     8:47   0:55   0:00 
Dylan Strome             1  0  1  -1  0   2  1  0  0  0  16/29  17:20   1:00   0:00 
Erik Cernak              0  1  1   0  0   1  2  4  0  1  0/0    25:11   1:02   3:51 
Jake Leschyshyn          0  1  1  -1  0   2  2  1  0  0  2/5    14:23   0:04   3:20 
Jordan Greenway          0  0  0   1  0   1  0  1  0  0  0/1    13:31   0:52   0:30 
Julien Gauthier          0  0  0   0  0   1  2  1  0  0  0/0    10:55   0:00   2:00 
Juuso Valimaki           0  1  1   0  2   0  0  1  0  0  0/0    12:21   0:06   0:00 
Lane MacDermid           0  1  1  -1  0   4  2  0  0  0  1/2    16:59   0:00   0:00 
Ludwig Bystrom           0  0  0   0  0   0  4  4  2  1  0/0    25:27   0:51   5:39 
Mathieu Joseph           0  0  0  -1  4   1  1  0  0  0  0/0    19:23   0:55   1:54 
Matthew Benning          0  0  0   0  0   0  1  0  0  1  0/0    12:57   1:02   0:00 
Michael McLeod           2  0  2   1  0   4  1  0  1  0  12/23  18:34   0:35   5:36 
Mirco Mueller            0  1  1  -1  0   4  1  3  0  1  0/0    24:21   0:00   5:39 
Nathan Walker            0  2  2   1  0   6  0  0  0  1  1/2    18:58   1:00   5:40 
Nick Merkley             1  0  1  -1  0   2  0  0  0  0  0/0    11:01   0:04   0:00 
Roman Josi               0  0  0  -1  0   2  0  4  0  0  0/0    20:03   0:57   3:51 

Players Stats for Wolfpack

Player Name              G  A  P  +/- PIM S  H  SB GA TA FO     MP     PP MP  PK MP  
------------------------------------------------------------------------------------
Alex Barre-Boulet        0  0  0  -1  0   0  0  0  0  0  2/2     5:43   0:00   0:00 
Alexander Barabanov      0  0  0  -1  0   3  2  0  0  0  0/0     7:55   0:08   0:58 
Brett Ponich             0  0  0   1  0   2  1  0  0  1  0/0    27:27   5:39   1:00 
Casey Mittelstadt        1  0  1   0  0   3  1  1  0  1  11/19  19:27   4:19   0:58 
Colton White             0  1  1   0  0   1  0  1  0  0  0/0    13:15   0:00   0:00 
Connor Chatam            1  0  1   1  0   4  2  0  1  0  0/1    10:30   0:08   0:00 
David Pope               2  1  3   1  0   5  2  1  0  0  0/3    23:08   5:03   0:27 
Derrick Pouliot          0  1  1   1  0   2  1  5  0  0  0/0    27:27   5:39   1:00 
Dryden Hunt              0  1  1   1  0   2  0  0  0  0  0/0    11:31   0:16   0:31 
Jonas Brodin             0  0  0   0  0   2  1  2  0  0  0/0    19:18   3:51   0:59 
Linus Sandin             0  0  0  -1  2   0  1  0  0  0  0/0     5:42   0:00   0:00 
Nolan Patrick            0  0  0   1  0   1  0  0  0  0  6/9    10:22   0:00   0:40 
Owen Tippet              0  0  0   0  0   3  1  0  0  0  0/0    18:43   4:19   0:00 
Ryan Culkin              0  0  0   0  0   2  0  0  0  0  0/0    13:15   0:00   0:00 
Samuel Blais             0  2  2   0  0   5  3  0  1  0  1/2    19:19   4:19   0:24 
Sebastian Collberg       1  2  3   1  0   1  3  0  0  0  0/0    22:54   5:03   0:00 
Seth Griffith            1  3  4   1  0   3  4  0  2  1  17/34  22:46   4:55   0:00 
Steven Santini           0  0  0   0  0   2  0  5  1  0  0/0    19:18   3:51   0:59 

3 Stars

1 - Seth Griffith (Har)
2 - David Pope (Har)
3 - Sebastian Collberg (Har)

Power Play

Moose - 0 on 1 Attempt(s) - 0.00%
Wolfpack - 1 on 5 Attempt(s) - 20.00%

Penalty Kill

Moose - 4 on 5 Attempt(s) - 80.00% - Score 0 goal in Penalty Kill
Wolfpack - 1 on 1 Attempt(s) - 100.00% - Score 0 goal in Penalty Kill

Team Stat

Moose - Hits : 19 - Faceoff Wins : 33 - Blocked Shots : 20 - Penalty Minutes : 10
Wolfpack - Hits : 22 - Faceoff Wins : 37 - Blocked Shots : 15 - Penalty Minutes : 2

Official

Referees : Kyle Rehman and Kevin Pollock
Linesman : Libor Suchanek and Derek Nansen

Game Notes

Filip Gustavsson enters game at 9:26 of 2nd period
3:14 of 3rd period - Wolfpack goal is going for a video replay. After video review, Goal.

Finance

Level 1 -- Attendance: 1835 (91.75%) -- Ticket Income $64,225
Level 2 -- Attendance: 984 (98.40%) -- Ticket Income $14,760
Total Attendance: 2819 (93.97%)
Total Ticket Income: $78,985
Other Income: $3,949
Total Income: $82,934

Moose

5 vs 5 Forward 
   Center                   Left Wing                Right Wing               Time % Phy DF OF 
 1 Dylan Strome             Lane MacDermid           Mathieu Joseph           40     1   2  2  
 2 Michael McLeod           Jordan Greenway          Nathan Walker            30     1   2  2  
 3 Chase De Leo             C.J. Smith               Julien Gauthier          20     1   2  2  
 4 Jake Leschyshyn          Boris Katchouk           Nick Merkley             10     1   2  2  

5 vs 5 Defense 
   Defense                  Defense                                           Time % Phy DF OF 
 1 Erik Cernak              Ludwig Bystrom                                    40     1   2  2  
 2 Roman Josi               Mirco Mueller                                     30     1   2  2  
 3 Matthew Benning          Juuso Valimaki                                    20     1   2  2  
 4 Erik Cernak              Mirco Mueller                                     10     1   2  2  

PowerPlay Forward 
   Center                   Left Wing                Right Wing               Time % Phy DF OF 
 1 Dylan Strome             Jordan Greenway          Nathan Walker            60     1   2  2  
 2 Chase De Leo             Michael McLeod           Mathieu Joseph           40     1   2  2  

PowerPlay Defense
   Defense                  Defense                                           Time % Phy DF OF 
 1 Roman Josi               Ludwig Bystrom                                    60     1   2  2  
 2 Matthew Benning          Erik Cernak                                       40     1   2  2  

Penalty Kill 4 Players Forward 
   Center                   Wing                     Time % Phy DF OF 
 1 Michael McLeod           Nathan Walker            60     1   2  2  
 2 Jake Leschyshyn          Mathieu Joseph           40     1   2  2  

Penalty Kill 4 Players Defense
   Defense                  Defense                  Time % Phy DF OF 
 1 Mirco Mueller            Ludwig Bystrom           60     1   2  2  
 2 Roman Josi               Erik Cernak              40     1   2  2  

Penalty Kill - 3 Players Forward 
   Forward                                           Time % Phy DF OF 
 1 Dylan Strome                                      60     1   2  2  
 2 Nathan Walker                                     40     1   2  2  

Penalty Kill - 3 Players Defense
   Defense                  Defense                  Time % Phy DF OF 
 1 Matthew Benning          Ludwig Bystrom           60     1   2  2  
 2 Roman Josi               Erik Cernak              40     1   2  2  

4 vs 4 Forward 
   Center                   Wing                     Time % Phy DF OF 
 1 Michael McLeod           Nathan Walker            60     1   2  2  
 2 Dylan Strome             Mathieu Joseph           40     1   2  2  

4 vs 4 Defense
   Defense                  Defense                  Time % Phy DF OF 
 1 Roman Josi               Ludwig Bystrom           60     1   2  2  
 2 Matthew Benning          Erik Cernak              40     1   2  2  

Last Minutes Offensive
   Center                   Left Wing                Right Wing               Defense                  Defense                  
   Dylan Strome             Jordan Greenway          Nathan Walker            Roman Josi               Ludwig Bystrom           

Last Minutes Defensive
   Center                   Left Wing                Right Wing               Defense                  Defense                  
   Dylan Strome             Jordan Greenway          Nathan Walker            Erik Cernak              Ludwig Bystrom           

Goaltenders
Starting : Brandon Halverson        
Backup : Filip Gustavsson         

Extra Forwards
Normal : Michael McLeod, C.J. Smith, Julien Gauthier - PP : Michael McLeod, C.J. Smith - PK : Julien Gauthier
Extra Defensemen
Normal : Matthew Benning, Mirco Mueller, Roman Josi - PP : Matthew Benning - PK : Mirco Mueller, Roman Josi
Penalty Shots
Dylan Strome, Nathan Walker, Michael McLeod, Mathieu Joseph, Chase De Leo

Scratches
Vinni Lettieri (Healthy), Urho Vaakanainen (Healthy), Mitchell Stephens (Healthy), Nelson Nogier (Healthy), Jonathan Kovacevic (Healthy)
Nikolay Goldobin (Sprained Right Ankle Injury), Jonah Gadjovich (Healthy), Josh Mahura (Healthy), Max Jones (Healthy), Nathan Bastian (Healthy)
William Bitten (Healthy), Tim Gettinger (Healthy), Joey Daccord (Healthy), Karel Vejmelka (Healthy), Daniel Vladar (Healthy)

Wolfpack

5 vs 5 Forward 
   Center                   Left Wing                Right Wing               Time % Phy DF OF 
 1 Seth Griffith            David Pope               Sebastian Collberg       40     1   2  2  
 2 Casey Mittelstadt        Samuel Blais             Owen Tippet              30     1   2  2  
 3 Nolan Patrick            Dryden Hunt              Connor Chatam            20     1   2  2  
 4 Alex Barre-Boulet        Alexander Barabanov      Linus Sandin             10     1   2  2  

5 vs 5 Defense 
   Defense                  Defense                                           Time % Phy DF OF 
 1 Brett Ponich             Derrick Pouliot                                   40     1   2  2  
 2 Jonas Brodin             Steven Santini                                    30     1   2  2  
 3 Ryan Culkin              Colton White                                      20     1   2  2  
 4 Brett Ponich             Derrick Pouliot                                   10     1   2  2  

PowerPlay Forward 
   Center                   Left Wing                Right Wing               Time % Phy DF OF 
 1 Seth Griffith            David Pope               Sebastian Collberg       60     1   2  2  
 2 Casey Mittelstadt        Samuel Blais             Owen Tippet              40     1   2  2  

PowerPlay Defense
   Defense                  Defense                                           Time % Phy DF OF 
 1 Brett Ponich             Derrick Pouliot                                   60     1   2  2  
 2 Jonas Brodin             Steven Santini                                    40     1   2  2  

Penalty Kill 4 Players Forward 
   Center                   Wing                     Time % Phy DF OF 
 1 Casey Mittelstadt        Alexander Barabanov      60     1   2  2  
 2 Nolan Patrick            Samuel Blais             40     1   2  2  

Penalty Kill 4 Players Defense
   Defense                  Defense                  Time % Phy DF OF 
 1 Brett Ponich             Derrick Pouliot          60     1   2  2  
 2 Jonas Brodin             Steven Santini           40     1   2  2  

Penalty Kill - 3 Players Forward 
   Forward                                           Time % Phy DF OF 
 1 Casey Mittelstadt                                 60     1   2  2  
 2 Nolan Patrick                                     40     1   2  2  

Penalty Kill - 3 Players Defense
   Defense                  Defense                  Time % Phy DF OF 
 1 Brett Ponich             Derrick Pouliot          60     1   2  2  
 2 Jonas Brodin             Steven Santini           40     1   2  2  

4 vs 4 Forward 
   Center                   Wing                     Time % Phy DF OF 
 1 Casey Mittelstadt        Seth Griffith            60     1   2  2  
 2 Nolan Patrick            Samuel Blais             40     1   2  2  

4 vs 4 Defense
   Defense                  Defense                  Time % Phy DF OF 
 1 Brett Ponich             Derrick Pouliot          60     1   2  2  
 2 Jonas Brodin             Steven Santini           40     1   2  2  

Last Minutes Offensive
   Center                   Left Wing                Right Wing               Defense                  Defense                  
   Casey Mittelstadt        David Pope               Sebastian Collberg       Brett Ponich             Derrick Pouliot          

Last Minutes Defensive
   Center                   Left Wing                Right Wing               Defense                  Defense                  
   Casey Mittelstadt        David Pope               Sebastian Collberg       Brett Ponich             Derrick Pouliot          

Goaltenders
Starting : Ivan Fedotov             
Backup : Mike Condon              

Extra Forwards
Normal : Dryden Hunt, Alexander Barabanov, Casey Mittelstadt - PP : Dryden Hunt, Alexander Barabanov - PK : Dryden Hunt
Extra Defensemen
Normal : Steven Santini, Ryan Culkin, Colton White - PP : Steven Santini - PK : Steven Santini, Ryan Culkin
Penalty Shots
David Pope, Samuel Blais, Sebastian Collberg, Connor Chatam, Dryden Hunt

Scratches
Ryan Poehling (Healthy), Mason Shaw (Healthy), Jacob Middleton (Healthy), Jake Marchment (Healthy), Joel Kiviranta (Healthy)
Dylan Samberg (Healthy), Joshua Jacobs (Healthy), Cale Fleury (Healthy), Mikhail Vorobyev (Healthy), Will Borgen (Healthy)
Andrew Peeke (Healthy), Dante Fabbro (Healthy), Jeffrey Viel (Healthy), Yegor Korshkov (Healthy), Alexander Volkov (Healthy)
Harru Sateri (Healthy), Jake Paterson (Healthy)

% Time on Ice - Moose

Lines # - Real PCT - Wanted PCT - Time Play
Normal Forward
1 - 36% - 40% - 17:30
2 - 28% - 30% - 13:28
3 - 16% - 20% - 7:47
4 - 20% - 10% - 9:46
Normal Defense
1 - 39% - 40% - 18:57
2 - 31% - 30% - 15:06
3 - 25% - 20% - 11:55
4 - 5% - 10% - 2:33
PP Forward
1 - 54% - 60% - 1:04
2 - 46% - 40% - 0:55
PP Defense
1 - 48% - 60% - 0:57
2 - 52% - 40% - 1:02
PK Forward
1 - 68% - 60% - 6:29
2 - 32% - 40% - 3:01
PK Defense
1 - 59% - 60% - 5:39
2 - 41% - 40% - 3:51
PK3 Forward
1 - 0% - 60%
2 - 0% - 40%
PK3 Defense
1 - 0% - 60%
2 - 0% - 40%
44 Forward
1 - 0% - 60%
2 - 0% - 40%
44 Defense
1 - 0% - 60%
2 - 0% - 40%
Last Minute Offensive  - 0:00
Last Minute Defensive  - 0:00
Total
Forward - 60:00
Defense - 60:00

% Time on Ice - Wolfpack

Lines # - Real PCT - Wanted PCT - Time Play
Normal Forward
1 - 38% - 40% - 18:35
2 - 31% - 30% - 15:00
3 - 19% - 20% - 9:13
4 - 12% - 10% - 5:43
Normal Defense
1 - 38% - 40% - 18:23
2 - 30% - 30% - 14:28
3 - 27% - 20% - 13:15
4 - 5% - 10% - 2:25
PP Forward
1 - 55% - 60% - 5:11
2 - 45% - 40% - 4:19
PP Defense
1 - 59% - 60% - 5:39
2 - 41% - 40% - 3:51
PK Forward
1 - 80% - 60% - 1:35
2 - 20% - 40% - 0:24
PK Defense
1 - 50% - 60% - 1:00
2 - 50% - 40% - 0:59
PK3 Forward
1 - 0% - 60%
2 - 0% - 40%
PK3 Defense
1 - 0% - 60%
2 - 0% - 40%
44 Forward
1 - 0% - 60%
2 - 0% - 40%
44 Defense
1 - 0% - 60%
2 - 0% - 40%
Last Minute Offensive  - 0:00
Last Minute Defensive  - 0:00
Total
Forward - 60:00
Defense - 60:00

Play-by-Play

1st period


0:01 of 1st period - Dylan Strome wins face-off versus Seth Griffith in neutral zone.
0:12 of 1st period - Snap shot by Mathieu Joseph.
0:12 of 1st period - Stopped by Ivan Fedotov without a rebound.
0:13 of 1st period - Michael McLeod wins face-off versus Casey Mittelstadt in Wolfpack zone.
0:14 of 1st period - Snap shot by Nathan Walker.
0:14 of 1st period - Stopped by Ivan Fedotov with a rebound.
0:16 of 1st period - Snap shot by Nathan Walker.
0:16 of 1st period - Shot Misses the Net.
0:18 of 1st period - Snap shot by Mirco Mueller.
0:18 of 1st period - Shot Misses the Net.
0:20 of 1st period - Wrist shot by Nathan Walker.
0:20 of 1st period - Stopped by Ivan Fedotov with a rebound.
0:22 of 1st period - Snap shot by Jordan Greenway.
0:22 of 1st period - Stopped by Ivan Fedotov with a rebound.
0:26 of 1st period - Snap shot by Jordan Greenway.
0:26 of 1st period - Shot Blocked by Casey Mittelstadt.
0:28 of 1st period - Snap shot by Mirco Mueller.
0:28 of 1st period - Stopped by Ivan Fedotov without a rebound.
0:29 of 1st period - Chase De Leo wins face-off versus Nolan Patrick in Wolfpack zone.
0:34 of 1st period - Wrist shot by Julien Gauthier.
0:34 of 1st period - Shot Misses the Net.
0:36 of 1st period - Slapshot by Matthew Benning.
0:36 of 1st period - Shot Blocked by Colton White.
1:23 of 1st period - Slapshot by Alexander Barabanov.
1:23 of 1st period - Shot Misses the Net.
1:35 of 1st period - Samuel Blais is hit by Ludwig Bystrom and loses puck.
1:44 of 1st period - Slapshot by Samuel Blais.
1:44 of 1st period - Shot Misses the Net.
2:16 of 1st period - Derrick Pouliot is hit by Lane MacDermid.
2:22 of 1st period - Slapshot by Brett Ponich.
2:22 of 1st period - Stopped by Brandon Halverson with a rebound.
2:46 of 1st period - Matthew Benning is hit by Samuel Blais and loses puck.
3:25 of 1st period - Off-side.
3:26 of 1st period - Nolan Patrick wins face-off versus Chase De Leo in neutral zone.
3:33 of 1st period - Wrist shot by Connor Chatam.
3:33 of 1st period - Shot Blocked by C.J. Smith.
3:51 of 1st period - Mathieu Joseph is hit by David Pope and loses puck.
4:22 of 1st period - Snap shot by Owen Tippet.
4:22 of 1st period - Deflect By Samuel Blais.
4:22 of 1st period - Stopped by Brandon Halverson without a rebound.
4:23 of 1st period - Seth Griffith wins face-off versus Dylan Strome in Moose zone.
4:46 of 1st period - Snap shot by Owen Tippet.
4:46 of 1st period - Stopped by Brandon Halverson with a rebound.
4:52 of 1st period - Slapshot by Derrick Pouliot.
4:52 of 1st period - Shot Blocked by Roman Josi.
5:08 of 1st period - Slapshot by Roman Josi.
5:08 of 1st period - Shot Misses the Net.
5:10 of 1st period - Snap shot by Julien Gauthier.
5:10 of 1st period - Shot Misses the Net.
5:16 of 1st period - Wrist shot by Chase De Leo.
5:16 of 1st period - Shot Misses the Net.
5:18 of 1st period - Slapshot by Mirco Mueller.
5:18 of 1st period - Stopped by Ivan Fedotov with a rebound.
5:31 of 1st period - Off-side.
5:32 of 1st period - Seth Griffith wins face-off versus Jake Leschyshyn in neutral zone.
5:38 of 1st period - Icing by Matthew Benning.
5:39 of 1st period - Seth Griffith wins face-off versus Boris Katchouk in Moose zone.
5:55 of 1st period - Wrist shot by David Pope.
5:55 of 1st period - Goal by David Pope - Moose : 0 - Wolfpack : 1.
5:56 of 1st period - Casey Mittelstadt wins face-off versus Dylan Strome in neutral zone.
6:11 of 1st period - Slapshot by Lane MacDermid.
6:11 of 1st period - Shot Blocked by Derrick Pouliot.
6:21 of 1st period - Jordan Greenway is hit by Sebastian Collberg and loses puck.
6:28 of 1st period - Snap shot by Nathan Walker.
6:28 of 1st period - Stopped by Ivan Fedotov with a rebound.
6:46 of 1st period - Sebastian Collberg is hit by Jake Leschyshyn and loses puck.
7:24 of 1st period - Slapshot by Seth Griffith.
7:24 of 1st period - Shot Blocked by Julien Gauthier.
7:26 of 1st period - Slapshot by Steven Santini.
7:26 of 1st period - Shot Blocked by Roman Josi.
7:28 of 1st period - Snap shot by Jonas Brodin.
7:28 of 1st period - Shot Misses the Net.
7:30 of 1st period - Snap shot by Steven Santini.
7:30 of 1st period - Stopped by Brandon Halverson without a rebound.
7:31 of 1st period - Casey Mittelstadt wins face-off versus Dylan Strome in Moose zone.
7:32 of 1st period - Snap shot by Samuel Blais.
7:32 of 1st period - Deflect By Owen Tippet.
7:32 of 1st period - Stopped by Brandon Halverson without a rebound.
7:33 of 1st period - Casey Mittelstadt wins face-off versus Dylan Strome in Moose zone.
7:34 of 1st period - Snap shot by Samuel Blais.
7:34 of 1st period - Shot Misses the Net.
7:36 of 1st period - Slapshot by Colton White.
7:36 of 1st period - Shot Blocked by Erik Cernak.
7:44 of 1st period - Snap shot by Samuel Blais.
7:44 of 1st period - Shot Blocked by Ludwig Bystrom.
8:12 of 1st period - Snap shot by Samuel Blais.
8:12 of 1st period - Stopped by Brandon Halverson without a rebound.
8:13 of 1st period - Nolan Patrick wins face-off versus Lane MacDermid in Moose zone.
8:14 of 1st period - Snap shot by Connor Chatam.
8:14 of 1st period - Stopped by Brandon Halverson without a rebound.
8:15 of 1st period - Nolan Patrick wins face-off versus Dylan Strome in Moose zone.
8:21 of 1st period - Minor Penalty to Mathieu Joseph for Slashing.
8:22 of 1st period - Michael McLeod wins face-off versus Seth Griffith in Moose zone.
8:34 of 1st period - Wrist shot by Michael McLeod.
8:34 of 1st period - Stopped by Ivan Fedotov without a rebound.
8:35 of 1st period - Michael McLeod wins face-off versus David Pope in Wolfpack zone.
9:08 of 1st period - Slapshot by Derrick Pouliot.
9:08 of 1st period - Shot Blocked by Ludwig Bystrom.
9:16 of 1st period - Slapshot by Mirco Mueller.
9:16 of 1st period - Stopped by Ivan Fedotov without a rebound.
9:17 of 1st period - Seth Griffith wins face-off versus Michael McLeod in Wolfpack zone.
9:34 of 1st period - Roman Josi is hit by Seth Griffith and loses puck.
10:21 of 1st period - Penalty to Mathieu Joseph is over, Mathieu Joseph is back on ice.
10:31 of 1st period - Snap shot by Dylan Strome.
10:31 of 1st period - Stopped by Ivan Fedotov without a rebound.
10:32 of 1st period - Dylan Strome wins face-off versus Nolan Patrick in Wolfpack zone.
11:07 of 1st period - Snap shot by Connor Chatam.
11:07 of 1st period - Stopped by Brandon Halverson without a rebound.
11:08 of 1st period - Seth Griffith wins face-off versus Michael McLeod in Moose zone.
11:15 of 1st period - Wrist shot by Sebastian Collberg.
11:15 of 1st period - Goal by Sebastian Collberg - Moose : 0 - Wolfpack : 2.
11:16 of 1st period - Seth Griffith wins face-off versus Jordan Greenway in neutral zone.
12:14 of 1st period - Off-side.
12:15 of 1st period - Seth Griffith wins face-off versus Dylan Strome in neutral zone.
12:18 of 1st period - Mathieu Joseph is hit by Derrick Pouliot and loses puck.
12:41 of 1st period - David Pope is hit by Mirco Mueller and loses puck.
13:03 of 1st period - Minor Penalty to C.J. Smith for Holding.
13:04 of 1st period - Casey Mittelstadt wins face-off versus Michael McLeod in Moose zone.
13:04 of 1st period - Snap shot by Samuel Blais.
13:04 of 1st period - Stopped by Brandon Halverson with a rebound.
13:06 of 1st period - Wrist shot by Brett Ponich.
13:06 of 1st period - Stopped by Brandon Halverson without a rebound.
13:07 of 1st period - Michael McLeod wins face-off versus Casey Mittelstadt in Moose zone.
14:07 of 1st period - Icing by Steven Santini.
14:08 of 1st period - Seth Griffith wins face-off versus Michael McLeod in Wolfpack zone.
15:03 of 1st period - Penalty to C.J. Smith is over, C.J. Smith is back on ice.
15:10 of 1st period - Mirco Mueller is hit by Alexander Barabanov and loses puck.
15:21 of 1st period - Slapshot by Ryan Culkin.
15:21 of 1st period - Stopped by Brandon Halverson with a rebound.
15:23 of 1st period - Slapshot by Colton White.
15:23 of 1st period - Shot Blocked by Ludwig Bystrom.
16:36 of 1st period - Juuso Valimaki is hit by Samuel Blais and loses puck.
16:49 of 1st period - Wrist shot by Dylan Strome.
16:49 of 1st period - Shot Misses the Net.
16:59 of 1st period - Derrick Pouliot is hit by C.J. Smith and loses puck.
17:32 of 1st period - Snap shot by Samuel Blais.
17:32 of 1st period - Shot Misses the Net.
17:34 of 1st period - Slapshot by Brett Ponich.
17:34 of 1st period - Shot Blocked by Erik Cernak.
17:36 of 1st period - Slapshot by Casey Mittelstadt.
17:36 of 1st period - Shot Misses the Net.
17:50 of 1st period - Snap shot by Julien Gauthier.
17:50 of 1st period - Shot Misses the Net.
18:24 of 1st period - Snap shot by Alexander Barabanov.
18:24 of 1st period - Stopped by Brandon Halverson with a rebound.
18:26 of 1st period - Slapshot by Steven Santini.
18:26 of 1st period - Deflect By Alexander Barabanov.
18:26 of 1st period - Stopped by Brandon Halverson without a rebound.
18:27 of 1st period - Dylan Strome wins face-off versus Casey Mittelstadt in Moose zone.
18:59 of 1st period - Wrist shot by Seth Griffith.
18:59 of 1st period - Goal by Seth Griffith - Moose : 0 - Wolfpack : 3.
19:00 of 1st period - Casey Mittelstadt wins face-off versus Michael McLeod in neutral zone.
19:07 of 1st period - Icing by Erik Cernak.
19:08 of 1st period - Casey Mittelstadt wins face-off versus Michael McLeod in Moose zone.
19:09 of 1st period - Snap shot by Samuel Blais.
19:09 of 1st period - Shot Misses the Net.
Goals for this period are 0 for Moose vs 3 for Wolfpack.
Shots for this period are 10 for Moose vs 16 for Wolfpack.

2nd period


0:01 of 2nd period - Michael McLeod wins face-off versus Seth Griffith in neutral zone.
0:04 of 2nd period - Wrist shot by Jordan Greenway.
0:04 of 2nd period - Shot Misses the Net.
0:34 of 2nd period - Slapshot by Mathieu Joseph.
0:34 of 2nd period - Shot Blocked by Steven Santini.
0:36 of 2nd period - Wrist shot by Lane MacDermid.
0:36 of 2nd period - Shot Misses the Net.
0:52 of 2nd period - Snap shot by Nick Merkley.
0:52 of 2nd period - Shot Misses the Net.
1:12 of 2nd period - Slapshot by Jonas Brodin.
1:12 of 2nd period - Stopped by Brandon Halverson with a rebound.
1:14 of 2nd period - Slapshot by Jonas Brodin.
1:14 of 2nd period - Stopped by Brandon Halverson with a rebound.
1:20 of 2nd period - Backhand shot by Samuel Blais.
1:20 of 2nd period - Deflect By Owen Tippet.
1:20 of 2nd period - Shot Blocked by Mirco Mueller.
1:20 of 2nd period - Puck is out of play.
1:21 of 2nd period - Seth Griffith wins face-off versus Michael McLeod in Moose zone.
1:22 of 2nd period - Wrist shot by David Pope.
1:22 of 2nd period - Deflect By Nathan Walker.
1:22 of 2nd period - Stopped by Brandon Halverson with a rebound.
1:32 of 2nd period - Backhand shot by Nathan Walker.
1:32 of 2nd period - Stopped by Ivan Fedotov without a rebound.
1:33 of 2nd period - Michael McLeod wins face-off versus Seth Griffith in Wolfpack zone.
1:34 of 2nd period - Wrist shot by Nathan Walker.
1:34 of 2nd period - Stopped by Ivan Fedotov with a rebound.
1:48 of 2nd period - Mirco Mueller is hit by Sebastian Collberg and loses puck.
2:05 of 2nd period - Snap shot by Chase De Leo.
2:05 of 2nd period - Deflect By Julien Gauthier.
2:05 of 2nd period - Stopped by Ivan Fedotov without a rebound.
2:06 of 2nd period - Nolan Patrick wins face-off versus Chase De Leo in Wolfpack zone.
2:14 of 2nd period - Off-side.
2:15 of 2nd period - Dylan Strome wins face-off versus Connor Chatam in neutral zone.
2:20 of 2nd period - Icing by Steven Santini.
2:21 of 2nd period - Dylan Strome wins face-off versus Nolan Patrick in Wolfpack zone.
2:32 of 2nd period - Snap shot by Lane MacDermid.
2:32 of 2nd period - Shot Blocked by Jonas Brodin.
2:34 of 2nd period - Slapshot by Ludwig Bystrom.
2:34 of 2nd period - Deflect By Lane MacDermid.
2:34 of 2nd period - Stopped by Ivan Fedotov without a rebound.
2:35 of 2nd period - Michael McLeod wins face-off versus Seth Griffith in Wolfpack zone.
2:38 of 2nd period - Wrist shot by Nathan Walker.
2:38 of 2nd period - Shot Blocked by Derrick Pouliot.
2:40 of 2nd period - Slapshot by Erik Cernak.
2:40 of 2nd period - Shot Blocked by Derrick Pouliot.
2:42 of 2nd period - Slapshot by Erik Cernak.
2:42 of 2nd period - Stopped by Ivan Fedotov without a rebound.
2:43 of 2nd period - Michael McLeod wins face-off versus Seth Griffith in Wolfpack zone.
2:44 of 2nd period - Wrist shot by Nathan Walker.
2:44 of 2nd period - Shot Misses the Net.
2:46 of 2nd period - Slapshot by Erik Cernak.
2:46 of 2nd period - Shot Blocked by David Pope.
2:50 of 2nd period - Snap shot by Michael McLeod.
2:50 of 2nd period - Goal by Michael McLeod - Moose : 1 - Wolfpack : 3.
2:51 of 2nd period - Dylan Strome wins face-off versus Seth Griffith in neutral zone.
3:16 of 2nd period - David Pope is hit by Julien Gauthier and loses puck.
3:29 of 2nd period - Wrist shot by Chase De Leo.
3:29 of 2nd period - Shot Blocked by Derrick Pouliot.
3:50 of 2nd period - Snap shot by Samuel Blais.
3:50 of 2nd period - Shot Blocked by Jordan Greenway.
3:52 of 2nd period - Slapshot by Derrick Pouliot.
3:52 of 2nd period - Shot Blocked by Roman Josi.
4:28 of 2nd period - Wrist shot by Jake Leschyshyn.
4:28 of 2nd period - Stopped by Ivan Fedotov with a rebound.
4:30 of 2nd period - Slapshot by Ludwig Bystrom.
4:30 of 2nd period - Shot Blocked by Steven Santini.
4:32 of 2nd period - Slapshot by Erik Cernak.
4:32 of 2nd period - Shot Blocked by Steven Santini.
4:42 of 2nd period - Casey Mittelstadt is hit by Chase De Leo and loses puck.
5:38 of 2nd period - Icing by Ryan Culkin.
5:39 of 2nd period - Jake Leschyshyn wins face-off versus Casey Mittelstadt in Wolfpack zone.
5:54 of 2nd period - Snap shot by Roman Josi.
5:54 of 2nd period - Stopped by Ivan Fedotov with a rebound.
5:58 of 2nd period - Slapshot by Roman Josi.
5:58 of 2nd period - Shot Blocked by Derrick Pouliot.
6:00 of 2nd period - Snap shot by Mirco Mueller.
6:00 of 2nd period - Stopped by Ivan Fedotov without a rebound.
6:01 of 2nd period - Seth Griffith wins face-off versus Dylan Strome in Wolfpack zone.
6:10 of 2nd period - David Pope is hit by Mathieu Joseph.
6:26 of 2nd period - Steven Santini is hit by Ludwig Bystrom and loses puck.
7:09 of 2nd period - Off-side.
7:10 of 2nd period - Casey Mittelstadt wins face-off versus Chase De Leo in neutral zone.
7:21 of 2nd period - Wrist shot by Samuel Blais.
7:21 of 2nd period - Stopped by Brandon Halverson without a rebound.
7:22 of 2nd period - Seth Griffith wins face-off versus Dylan Strome in Moose zone.
7:49 of 2nd period - Snap shot by Connor Chatam.
7:49 of 2nd period - Goal by Connor Chatam - Moose : 1 - Wolfpack : 4.
7:50 of 2nd period - Dylan Strome wins face-off versus Seth Griffith in neutral zone.
7:52 of 2nd period - Minor Penalty to Mathieu Joseph for Hooking.
7:53 of 2nd period - Michael McLeod wins face-off versus Seth Griffith in Moose zone.
8:28 of 2nd period - Icing by Brett Ponich.
8:29 of 2nd period - Samuel Blais wins face-off versus Jake Leschyshyn in Wolfpack zone.
8:55 of 2nd period - Icing by David Pope.
8:56 of 2nd period - Seth Griffith wins face-off versus Michael McLeod in Wolfpack zone.
8:56 of 2nd period - Seth Griffith is hit by Michael McLeod.
9:26 of 2nd period - Snap shot by David Pope.
9:26 of 2nd period - Goal by David Pope - Moose : 1 - Wolfpack : 5.
9:26 of 2nd period - Filip Gustavsson enters game.
9:27 of 2nd period - Lane MacDermid wins face-off versus Seth Griffith in neutral zone.
9:42 of 2nd period - Snap shot by Lane MacDermid.
9:42 of 2nd period - Stopped by Ivan Fedotov with a rebound.
10:06 of 2nd period - Minor Penalty to Chase De Leo for Unsportsmanlike conduct.
10:07 of 2nd period - Seth Griffith wins face-off versus Nathan Walker in Moose zone.
11:11 of 2nd period - Roman Josi is hit by Brett Ponich and loses puck.
12:06 of 2nd period - Penalty to Chase De Leo is over, Chase De Leo is back on ice.
12:32 of 2nd period - Off-side.
12:33 of 2nd period - Nolan Patrick wins face-off versus Dylan Strome in neutral zone.
12:36 of 2nd period - Snap shot by Connor Chatam.
12:36 of 2nd period - Stopped by Filip Gustavsson with a rebound.
12:38 of 2nd period - Wrist shot by Nolan Patrick.
12:38 of 2nd period - Shot Blocked by Juuso Valimaki.
12:40 of 2nd period - Slapshot by Ryan Culkin.
12:40 of 2nd period - Stopped by Filip Gustavsson without a rebound.
12:41 of 2nd period - Dylan Strome wins face-off versus David Pope in Moose zone.
13:16 of 2nd period - Wrist shot by Michael McLeod.
13:16 of 2nd period - Goal by Michael McLeod - Moose : 2 - Wolfpack : 5.
13:17 of 2nd period - Dylan Strome wins face-off versus Seth Griffith in neutral zone.
13:38 of 2nd period - Ludwig Bystrom is hit by Seth Griffith and loses puck.
13:46 of 2nd period - Icing by Erik Cernak.
13:47 of 2nd period - Dylan Strome wins face-off versus Samuel Blais in Moose zone.
13:47 of 2nd period - Dylan Strome is hit by Owen Tippet.
14:38 of 2nd period - Wrist shot by Nick Merkley.
14:38 of 2nd period - Deflect By Boris Katchouk.
14:38 of 2nd period - Shot Blocked by Steven Santini.
14:38 of 2nd period - Puck is out of play.
14:39 of 2nd period - Seth Griffith wins face-off versus Jake Leschyshyn in Wolfpack zone.
14:54 of 2nd period - Derrick Pouliot is hit by Jake Leschyshyn and loses puck.
15:27 of 2nd period - Wrist shot by Seth Griffith.
15:27 of 2nd period - Shot Misses the Net.
15:33 of 2nd period - Wrist shot by Seth Griffith.
15:33 of 2nd period - Shot Blocked by Ludwig Bystrom.
15:35 of 2nd period - Snap shot by Seth Griffith.
15:35 of 2nd period - Stopped by Filip Gustavsson with a rebound.
15:57 of 2nd period - Snap shot by David Pope.
15:57 of 2nd period - Stopped by Filip Gustavsson with a rebound.
15:59 of 2nd period - Slapshot by Brett Ponich.
15:59 of 2nd period - Shot Misses the Net.
16:01 of 2nd period - Snap shot by David Pope.
16:01 of 2nd period - Stopped by Filip Gustavsson with a rebound.
16:13 of 2nd period - Snap shot by Seth Griffith.
16:13 of 2nd period - Shot Blocked by Erik Cernak.
16:15 of 2nd period - Snap shot by Derrick Pouliot.
16:15 of 2nd period - Stopped by Filip Gustavsson with a rebound.
16:17 of 2nd period - Snap shot by Seth Griffith.
16:17 of 2nd period - Shot Blocked by Erik Cernak.
16:19 of 2nd period - Snap shot by Derrick Pouliot.
16:19 of 2nd period - Shot Blocked by Jake Leschyshyn.
16:39 of 2nd period - Snap shot by Seth Griffith.
16:39 of 2nd period - Stopped by Filip Gustavsson with a rebound.
16:41 of 2nd period - Slapshot by Derrick Pouliot.
16:41 of 2nd period - Stopped by Filip Gustavsson without a rebound.
16:42 of 2nd period - Dylan Strome wins face-off versus Casey Mittelstadt in Moose zone.
16:47 of 2nd period - Slapshot by Samuel Blais.
16:47 of 2nd period - Shot Misses the Net.
17:07 of 2nd period - Nathan Walker is hit by Connor Chatam and loses puck.
17:12 of 2nd period - Snap shot by Dryden Hunt.
17:12 of 2nd period - Shot Misses the Net.
17:14 of 2nd period - Snap shot by Connor Chatam.
17:14 of 2nd period - Shot Blocked by Mirco Mueller.
17:16 of 2nd period - Slapshot by Colton White.
17:16 of 2nd period - Stopped by Filip Gustavsson with a rebound.
17:18 of 2nd period - Wrist shot by Dryden Hunt.
17:18 of 2nd period - Stopped by Filip Gustavsson without a rebound.
17:19 of 2nd period - Casey Mittelstadt wins face-off versus Dylan Strome in Moose zone.
17:24 of 2nd period - Snap shot by Casey Mittelstadt.
17:24 of 2nd period - Stopped by Filip Gustavsson with a rebound.
17:26 of 2nd period - Wrist shot by Owen Tippet.
17:26 of 2nd period - Stopped by Filip Gustavsson without a rebound.
17:27 of 2nd period - Dylan Strome wins face-off versus Casey Mittelstadt in Moose zone.
17:27 of 2nd period - Dylan Strome is hit by Casey Mittelstadt.
18:05 of 2nd period - Wrist shot by Dylan Strome.
18:05 of 2nd period - Goal by Dylan Strome - Moose : 3 - Wolfpack : 5.
18:06 of 2nd period - Casey Mittelstadt wins face-off versus Michael McLeod in neutral zone.
18:09 of 2nd period - Jordan Greenway is hit by Samuel Blais and loses puck.
18:21 of 2nd period - Icing by Mirco Mueller.
18:22 of 2nd period - Michael McLeod wins face-off versus Seth Griffith in Moose zone.
18:33 of 2nd period - Backhand shot by Nathan Walker.
18:33 of 2nd period - Shot Misses the Net.
18:35 of 2nd period - Slapshot by Roman Josi.
18:35 of 2nd period - Stopped by Ivan Fedotov with a rebound.
18:37 of 2nd period - Slapshot by Michael McLeod.
18:37 of 2nd period - Deflect By Jordan Greenway.
18:37 of 2nd period - Shot Misses the Net.
18:37 of 2nd period - Puck is out of play.
18:38 of 2nd period - Casey Mittelstadt wins face-off versus Dylan Strome in Wolfpack zone.
18:38 of 2nd period - Casey Mittelstadt is hit by Lane MacDermid.
19:04 of 2nd period - Sebastian Collberg is hit by Erik Cernak and loses puck.
19:30 of 2nd period - Slapshot by Derrick Pouliot.
19:30 of 2nd period - Deflect By Alexander Barabanov.
19:30 of 2nd period - Shot Misses the Net.
19:30 of 2nd period - Puck is out of play.
19:31 of 2nd period - Alex Barre-Boulet wins face-off versus Chase De Leo in Moose zone.
19:46 of 2nd period - Slapshot by Alexander Barabanov.
19:46 of 2nd period - Stopped by Filip Gustavsson without a rebound.
19:47 of 2nd period - Dylan Strome wins face-off versus Seth Griffith in Moose zone.
Goals for this period are 3 for Moose vs 2 for Wolfpack.
Shots for this period are 13 for Moose vs 19 for Wolfpack.

3rd period


0:01 of 3rd period - Seth Griffith wins face-off versus Dylan Strome in neutral zone.
0:49 of 3rd period - Off-side.
0:50 of 3rd period - Seth Griffith wins face-off versus Boris Katchouk in neutral zone.
1:03 of 3rd period - Steven Santini is hit by Erik Cernak and loses puck.
1:08 of 3rd period - Wrist shot by Jake Leschyshyn.
1:08 of 3rd period - Stopped by Ivan Fedotov with a rebound.
1:10 of 3rd period - Wrist shot by Nick Merkley.
1:10 of 3rd period - Stopped by Ivan Fedotov without a rebound.
1:11 of 3rd period - Casey Mittelstadt wins face-off versus Dylan Strome in Wolfpack zone.
1:19 of 3rd period - Off-side.
1:20 of 3rd period - Dylan Strome wins face-off versus Casey Mittelstadt in neutral zone.
1:23 of 3rd period - Slapshot by Mirco Mueller.
1:23 of 3rd period - Deflect By Lane MacDermid.
1:23 of 3rd period - Stopped by Ivan Fedotov with a rebound.
2:27 of 3rd period - Snap shot by Casey Mittelstadt.
2:27 of 3rd period - Stopped by Filip Gustavsson with a rebound.
2:43 of 3rd period - Wrist shot by Lane MacDermid.
2:43 of 3rd period - Stopped by Ivan Fedotov with a rebound.
3:02 of 3rd period - Snap shot by Samuel Blais.
3:02 of 3rd period - Stopped by Filip Gustavsson with a rebound.
3:12 of 3rd period - Snap shot by Samuel Blais.
3:12 of 3rd period - Shot Misses the Net.
3:14 of 3rd period - Snap shot by Casey Mittelstadt.
3:14 of 3rd period - Wolfpack goal is going for a video replay.
3:14 of 3rd period - The goal is good.
3:14 of 3rd period - Goal by Casey Mittelstadt - Moose : 3 - Wolfpack : 6.
3:15 of 3rd period - Nathan Walker wins face-off versus David Pope in neutral zone.
3:40 of 3rd period - Brett Ponich is hit by Julien Gauthier and loses puck.
4:07 of 3rd period - Wrist shot by Boris Katchouk.
4:07 of 3rd period - Stopped by Ivan Fedotov without a rebound.
4:08 of 3rd period - Jake Leschyshyn wins face-off versus Seth Griffith in Wolfpack zone.
4:13 of 3rd period - Snap shot by Nick Merkley.
4:13 of 3rd period - Goal by Nick Merkley - Moose : 4 - Wolfpack : 6.
4:14 of 3rd period - Michael McLeod wins face-off versus Seth Griffith in neutral zone.
5:55 of 3rd period - Wrist shot by Boris Katchouk.
5:55 of 3rd period - Shot Misses the Net.
7:35 of 3rd period - Snap shot by Nolan Patrick.
7:35 of 3rd period - Stopped by Filip Gustavsson with a rebound.
7:37 of 3rd period - Slapshot by Ryan Culkin.
7:37 of 3rd period - Shot Blocked by Mirco Mueller.
7:39 of 3rd period - Wrist shot by Connor Chatam.
7:39 of 3rd period - Deflect By Dryden Hunt.
7:39 of 3rd period - Shot Blocked by Roman Josi.
7:39 of 3rd period - Puck is out of play.
7:40 of 3rd period - Seth Griffith wins face-off versus Michael McLeod in Moose zone.
8:49 of 3rd period - Julien Gauthier is hit by David Pope and loses puck.
9:20 of 3rd period - Nathan Walker is hit by Linus Sandin and loses puck.
9:25 of 3rd period - Slapshot by Steven Santini.
9:25 of 3rd period - Stopped by Filip Gustavsson without a rebound.
9:26 of 3rd period - Alex Barre-Boulet wins face-off versus Michael McLeod in Moose zone.
9:37 of 3rd period - Backhand shot by Michael McLeod.
9:37 of 3rd period - Stopped by Ivan Fedotov without a rebound.
9:38 of 3rd period - Dylan Strome wins face-off versus Seth Griffith in Wolfpack zone.
10:04 of 3rd period - Jonas Brodin is hit by Ludwig Bystrom.
11:02 of 3rd period - Snap shot by Dryden Hunt.
11:02 of 3rd period - Shot Misses the Net.
11:04 of 3rd period - Snap shot by Dryden Hunt.
11:04 of 3rd period - Stopped by Filip Gustavsson without a rebound.
11:05 of 3rd period - Nolan Patrick wins face-off versus Chase De Leo in Moose zone.
11:30 of 3rd period - David Pope is hit by Dylan Strome.
12:02 of 3rd period - Minor Penalty to Juuso Valimaki for Holding.
12:03 of 3rd period - Michael McLeod wins face-off versus Seth Griffith in Moose zone.
12:03 of 3rd period - Michael McLeod is hit by Seth Griffith.
12:34 of 3rd period - Wrist shot by Mathieu Joseph.
12:34 of 3rd period - Shot Misses the Net.
13:08 of 3rd period - Ludwig Bystrom is hit by Sebastian Collberg and loses puck.
13:19 of 3rd period - Owen Tippet is hit by Ludwig Bystrom and loses puck.
14:02 of 3rd period - Penalty to Juuso Valimaki is over, Juuso Valimaki is back on ice.
14:04 of 3rd period - Juuso Valimaki is hit by Jonas Brodin and loses puck.
14:09 of 3rd period - Wrist shot by Connor Chatam.
14:09 of 3rd period - Shot Misses the Net.
14:22 of 3rd period - Minor Penalty to Linus Sandin for Delaying the game.
14:23 of 3rd period - Dylan Strome wins face-off versus Casey Mittelstadt in Wolfpack zone.
14:25 of 3rd period - Snap shot by Jordan Greenway.
14:25 of 3rd period - Shot Misses the Net.
14:27 of 3rd period - Slapshot by Jordan Greenway.
14:27 of 3rd period - Shot Blocked by Jonas Brodin.
14:29 of 3rd period - Snap shot by Nathan Walker.
14:29 of 3rd period - Shot Misses the Net.
14:31 of 3rd period - Snap shot by Nathan Walker.
14:31 of 3rd period - Stopped by Ivan Fedotov with a rebound.
14:49 of 3rd period - Jonas Brodin is hit by Matthew Benning and loses puck.
16:22 of 3rd period - Penalty to Linus Sandin is over, Linus Sandin is back on ice.
16:36 of 3rd period - Snap shot by Julien Gauthier.
16:36 of 3rd period - Shot Misses the Net.
16:38 of 3rd period - Slapshot by Mirco Mueller.
16:38 of 3rd period - Shot Blocked by Steven Santini.
17:42 of 3rd period - Erik Cernak is hit by Connor Chatam and loses puck.
18:25 of 3rd period - Mirco Mueller is hit by Seth Griffith and loses puck.
19:30 of 3rd period - Lane MacDermid is hit by Alexander Barabanov and loses puck.
Goals for this period are 1 for Moose vs 1 for Wolfpack.
Shots for this period are 8 for Moose vs 6 for Wolfpack.